 Dungeon Crawl Stone Soup version 0.29-a0-668-g12ee2bf84d (webtiles) character file.

Game seed: 5268357446749651595

4053 DocClef the Blocker (level 10, 0/82 HPs)
             Began as a Gnoll Fighter on June 23, 2022.
             Was a Believer of Okawaru.
             Slain by a wyvern (8 damage)
             ... while paralysed by a hornet
             ... on level 9 of the Dungeon.
             The game lasted 00:11:15 (11874 turns).

DocClef the Blocker (Gnoll Fighter)                Turns: 11874, Time: 00:11:15

Health: 0/82       AC: 21    Str: 19    XL:     10   Next: 24%
Magic:  17/17      EV:  2    Int:  8    God:    Okawaru [**....]
Gold:   742        SH:  0    Dex: 12    Spells: 19/19 levels left

rFire   . . .      SeeInvis .   s - +2 whip (freeze)
rCold   . . .      Faith    .   c - +0 buckler
rNeg    + . .      Spirit   .   D - +0 plate armour
rPois   .          Reflect  .   b - +0 helmet
rElec   .          Harm     .   (no cloak)
rCorr   .          Rampage  .   w - +1 pair of gloves
Will    +++..      Clarity  +   (no boots)
Stlth   ..........              n - amulet of the Four Winds {rN+ Will+++ Clar}
HPRegen 0.23/turn               E - +4 ring of protection
MPRegen 0.15/turn               t - +4 ring of slaying

@: paralysed, lethally poisoned (0 -> -8), about to teleport, slowed
A: fangs 1, strong nose, distributed training
a: Renounce Religion, Heroism


You were on level 9 of the Dungeon.
You worshipped Okawaru.
Okawaru was pleased with you.
You visited 2 branches of the dungeon, and saw 10 of its levels.
You also visited: Sewer.

You collected 742 gold pieces.

Inventory:

Hand Weapons
 a - a +0 flail
 s - a +2 whip of freezing (weapon)
Armour
 b - a +0 helmet (worn)
 c - a +0 buckler (worn)
 f - a +0 ring mail of positive energy
 w - a +1 pair of gloves (worn)
 D - a +0 plate armour (worn)
Jewellery
 k - a ring of fire
 m - a +6 ring of intelligence
 n - the amulet of the Four Winds (around neck) {rN+ Will+++ Clar}
   (You found it in a sewer)

   [amulet of nothing]

   rN:        It protects you from negative energy.
   Clar:      It protects you against confusion.
   Will:      It greatly increases your willpower.
 o - a ring of positive energy
 t - a +4 ring of slaying (right hand)
 E - a +4 ring of protection (left hand)
 G - a +4 ring of evasion
 H - an amulet of magic regeneration
Wands
 q - a wand of flame (48)
 x - a wand of polymorph (7)
 I - a wand of digging (7)
Scrolls
 g - 6 scrolls of teleportation
 i - 4 scrolls of identify
 p - a scroll of blinking
 z - 3 scrolls of fog
 B - 2 scrolls of amnesia
 F - a scroll of enchant weapon
Potions
 d - 8 potions of might
 h - 3 potions of brilliance
 j - 2 potions of attraction
 r - a potion of lignification
 u - a potion of heal wounds {unknown}
 v - 2 potions of mutation {unknown}
 A - a potion of haste {unknown}
 C - a potion of invisibility


   Skills:
 + Level 8.4 Fighting
 + Level 5.1 Short Blades
 + Level 5.1 Long Blades
 + Level 5.1 Axes
 + Level 6.9 Maces & Flails
 + Level 5.1 Polearms
 + Level 5.1 Staves
 + Level 5.1 Slings
 + Level 5.1 Bows
 + Level 5.1 Crossbows
 + Level 5.1 Throwing
 + Level 8.4 Armour
 + Level 5.1 Dodging
 + Level 5.1 Stealth
 + Level 8.4 Shields
 + Level 5.1 Unarmed Combat
 + Level 5.1 Spellcasting
 + Level 4.2 Conjurations
 + Level 4.2 Hexes
 + Level 4.2 Summonings
 + Level 4.2 Necromancy
 + Level 4.2 Translocations
 + Level 4.2 Transmutations
 + Level 4.2 Fire Magic
 + Level 4.2 Ice Magic
 + Level 4.2 Air Magic
 + Level 4.2 Earth Magic
 + Level 4.2 Poison Magic
 + Level 5.6 Invocations
 + Level 5.1 Evocations


You had 19 spell levels left.
You didn't know any spells.
Your spell library contained the following spells:

 Spells                   Type           Power      Damage    Failure   Level
 Apportation              Tloc           16%        N/A       77%         1
 Necrotize                Necr           32%        1d5       77%         1
 Shock                    Conj/Air       32%        1d5       77%         1
 Ensorcelled Hibernation  Hex/Ice        16%        N/A       88%         2
 Spider Form              Tmut/Pois      8%         N/A       98%         3
 Swiftness                Air            8%         N/A       98%         3
 Airstrike                Air            4%         N/A       100%        4
 Anguish                  Hex/Necr       4%         N/A       100%        4
 Corpse Rot               Necr/Pois/Air  8%         N/A       100%        4
 Dispel Undead            Necr           8%         3d8       100%        4
 Summon Small Mammal      Summ           Unusable   N/A       N/A         1
 Death Channel            Necr           Unusable   N/A       N/A         6

Dungeon Overview and Level Annotations

Branches:
Dungeon (9/15)             Temple (1/1) D:6           Sewer (visited)
   Lair: D:8-11         Orc: D:9-12

Altars:
Ashenzari
Cheibriados
Dithmenos
Gozag
Hepliaklqana
Makhleb
Nemelex Xobeh
Okawaru
Qazlal
Sif Muna
Trog
Uskayaw
Vehumet
Xom
Zin
The Shining One
Jiyva

Annotations:
D:9 4 runed translucent doors, 2 transporters, exclusion: orange crystal statue


Innate Abilities, Weirdness & Mutations

You have very sharp teeth.
Your uncanny sense of smell can sniff out nearby items.
Your experience applies equally to all skills.


Message History

You are poisoned.
You shrug off the repeated paralysis!
The wyvern bites you but does no damage.
You feel sick. The hornet stings you.
You feel yourself slow down. The wyvern bites you!
The hornet completely misses you.
You feel sick. The wyvern bites you. The hornet stings you.
You are more poisoned.
You feel as though you will be slow longer.
The wyvern bites you!
* * * LOW HITPOINT WARNING * * *
You can move again.
You hit the hornet. You freeze the hornet.
The hornet is moderately wounded.
* * * LOW HITPOINT WARNING * * *
You feel very sick. You block the hornet's attack.
The wyvern bites you but does no damage.
The hornet stings you but does no damage.
The wyvern bites you but does no damage.
Blink to where?
Press: ? - help, Dir - move target
As you read the scroll of blinking, it crumbles to dust.
* * * LOW HITPOINT WARNING * * *
You feel very sick.
The wyvern hisses menacingly.
You feel better.
As you read the scroll of teleportation, it crumbles to dust.
You feel strangely unstable.
You feel yourself speed up.
You hit the hornet. You freeze the hornet.
The hornet is moderately wounded.
The hornet stings you!
* * * LOW HITPOINT WARNING * * *
You are lethally poisoned!
You feel yourself slow down.
You feel better. The hornet stings you!
* * * LOW HITPOINT WARNING * * *
You are lethally poisoned!
You suddenly lose the ability to move!
The wyvern bites you!
You die...

#....#.............#......#...
#....#.............#......#...
#....#.............#......#...
#....########......#......####
#....#......#......#......#...
#....#......#......#......#...
#....#......#......#......#...
###'##......#yl....#......#...
#....#......#@.....#......#...
#...........#......#..........
#...........#......#......#...
#.........................#...
#....#....................#..#
#....#.<.......)..........#..#
#....#....................#..#
#....#......#####..########.©#
#....####....................#


You could see a hornet and a wyvern.

Vanquished Creatures
  Erica (D:9)
  A wyvern (D:8)
  A steam dragon (D:6)
  Duvessa (D:6)
  A sky beast (D:6)
  An ice beast (D:6)
  An orc warrior (D:7)
  5 centaurs
  2 phantoms
  5 kobold brigands
  4 bullfrogs
  2 necrophages
  4 scorpions
  6 killer bees (D:8)
  3 wights (D:6)
  Dowan (D:6)
  An electric eel (D:8)
  2 howler monkeys
  5 hounds
  5 orc priests
  4 iguanas
  3 orc wizards
  4 gnolls (D:6)
  7 adders
  2 shadow imps
  2 white imps
  2 ufetubi
  3 worms
  2 dart slugs
  12 orcs
  17 ball pythons
  3 bats
  13 endoplasms
  10 giant cockroaches
  4 goblins
  2 hobgoblins
  2 jackals (D:3)
  8 quokkas
  13 frilled lizards
  24 kobolds
  3 rats
192 creatures vanquished.

Notes
Turn   | Place    | Note
-------+----------+-------------------------------------------
     0 | D:1      | DocClef the Gnoll Fighter began the quest for the Orb.
     0 | D:1      | Reached XP level 1. HP: 23/23 MP: 1/1
   240 | D:1      | Reached XP level 2. HP: 25/29 MP: 2/2
  1026 | D:2      | Noticed a shining eye
  1036 | D:2      | Found a faded altar of an unknown god.
  1038 | D:2      | Noticed a shining eye
  1038 | D:2      | Noticed an eye of devastation
  1038 | D:2      | Noticed an eye of devastation
  1279 | D:2      | Reached XP level 3. HP: 35/35 MP: 3/3
  2058 | D:3      | Reached skill level 1 in Invocations
  2427 | D:3      | Reached skill level 1 in Short Blades
  2427 | D:3      | Reached skill level 1 in Long Blades
  2427 | D:3      | Reached skill level 1 in Axes
  2427 | D:3      | Reached skill level 1 in Polearms
  2427 | D:3      | Reached skill level 1 in Staves
  2427 | D:3      | Reached skill level 1 in Slings
  2427 | D:3      | Reached skill level 1 in Bows
  2427 | D:3      | Reached skill level 1 in Crossbows
  2427 | D:3      | Reached skill level 1 in Throwing
  2427 | D:3      | Reached skill level 1 in Dodging
  2427 | D:3      | Reached skill level 1 in Stealth
  2427 | D:3      | Reached skill level 1 in Unarmed Combat
  2427 | D:3      | Reached skill level 1 in Spellcasting
  2427 | D:3      | Reached skill level 1 in Evocations
  2555 | D:3      | Reached XP level 4. HP: 27/41 MP: 5/5
  3323 | D:4      | Reached skill level 1 in Conjurations
  3323 | D:4      | Reached skill level 1 in Hexes
  3323 | D:4      | Reached skill level 1 in Summonings
  3323 | D:4      | Reached skill level 1 in Necromancy
  3323 | D:4      | Reached skill level 1 in Translocations
  3323 | D:4      | Reached skill level 1 in Transmutations
  3323 | D:4      | Reached skill level 1 in Fire Magic
  3323 | D:4      | Reached skill level 1 in Ice Magic
  3323 | D:4      | Reached skill level 1 in Air Magic
  3323 | D:4      | Reached skill level 1 in Earth Magic
  3323 | D:4      | Reached skill level 1 in Poison Magic
  3336 | D:4      | Reached XP level 5. HP: 30/47 MP: 5/7
  3794 | D:4      | Reached XP level 6. HP: 50/53 MP: 8/8
  4055 | D:5      | Entered Level 5 of the Dungeon
  4076 | D:5      | Reached skill level 5 in Maces & Flails
  4560 | D:5      | Found a shadowy altar of Dithmenos.
  4587 | D:5      | Found a glowing drain.
  4598 | Sewer    | Entered a sewer
  4789 | Sewer    | Reached XP level 7. HP: 59/59 MP: 10/10
  5183 | Sewer    | Found the amulet of the Four Winds {rN+ Will+++ Clar}
  5428 | D:5      | You fall into a shaft and drop 3 floors!
  5657 | D:6      | Reached XP level 8. HP: 67/67 MP: 12/12
  5761 | D:6      | Found a staircase to the Ecumenical Temple.
  5809 | Temple   | Entered the Ecumenical Temple
  5840 | Temple   | Became a worshipper of Warmaster Okawaru
  6516 | D:5      | Found a sparkling altar of Nemelex Xobeh.
  6813 | D:6      | Reached * piety under Okawaru
  6814 | D:6      | Reached XP level 9. HP: 56/73 MP: 14/14
  7127 | D:6      | Noticed Duvessa
  7132 | D:6      | Noticed Dowan
  7145 | D:6      | Killed Duvessa
  7151 | D:6      | Killed Dowan
  7151 | D:6      | Reached ** piety under Okawaru
  9474 | D:8      | Reached skill level 5 in Invocations
 10789 | D:9      | Found a viscous altar of Jiyva.
 10789 | D:9      | Noticed a great orb of eyes
 10811 | D:9      | Found a runed translucent door.
 10812 | D:9      | Noticed an orange crystal statue
 10812 | D:9      | Found the +10 tower shield of Ignorance {rN+ Int-4}
 10831 | D:9      | Found a runed translucent door.
 11040 | D:9      | Found a large runed translucent door.
 11040 | D:9      | Found a large runed translucent door.
 11061 | D:9      | Noticed Erica
 11075 | D:9      | Killed Erica
 11076 | D:9      | Reached skill level 5 in Short Blades
 11076 | D:9      | Reached skill level 5 in Long Blades
 11076 | D:9      | Reached skill level 5 in Axes
 11076 | D:9      | Reached skill level 5 in Polearms
 11076 | D:9      | Reached skill level 5 in Staves
 11076 | D:9      | Reached skill level 5 in Slings
 11076 | D:9      | Reached skill level 5 in Bows
 11076 | D:9      | Reached skill level 5 in Crossbows
 11076 | D:9      | Reached skill level 5 in Throwing
 11076 | D:9      | Reached skill level 5 in Dodging
 11076 | D:9      | Reached skill level 5 in Stealth
 11076 | D:9      | Reached skill level 5 in Unarmed Combat
 11076 | D:9      | Reached skill level 5 in Spellcasting
 11076 | D:9      | Reached skill level 5 in Evocations
 11076 | D:9      | Reached XP level 10. HP: 53/81 MP: 15/17
 11797 | D:9      | Found a transporter.
 11800 | D:9      | Found a transporter.
 11865 | D:9      | Paralysed by a hornet for 3 turns
 11874 | D:9      | Paralysed by a hornet for 2 turns
 11874 | D:9      | Slain by a wyvern

Illustrated notes

Levels and vault maps discovered:
D:1:      heliophobic_arrival_battle_scene, layout_basic
D:2:      layout_loops_corners, hellmonk_ecumenical_altar_watching_god
D:3:      layout_loops_corners
D:4:      layout_loops_ring, minmay_vboxes
D:5:      layout_basic, grunt_dithmenos_smoke, lemuel_doored_altar,
          portal_sewer_entry_d, st_stairs_11, grunt_decor_junction
D:6:      layout_loops_ring, minmay_temple_entry_sparse_star, hex_medium,
          uniq_duvessa
D:7:      layout_basic
D:8:      layout_rooms, serial_rivers, chequers_serial_rivers_large_b,
          chequers_serial_rivers_micro_b, chequers_serial_rivers_small_b,
          chequers_serial_rivers_micro_a, fountainhead
D:9:      gammafunk_jiyva_shrine, layout_grid_maze, jmf_multi_god_temple2,
          nicolae_benzene_ring, chequers_guarded_unrand_ignorance, uniq_erica
Temple:   jpeg_temple_clearing

Skill      XL: |  1  2  3  4  5  6  7  8  9 |
---------------+----------------------------+-----
Invocations    | 1 2 3 4 5 |  5.6
Short Blades   | 1 2 3 5 |  5.1
Long Blades    | 1 2 3 5 |  5.1
Axes           | 1 2 3 5 |  5.1
Polearms       | 1 2 3 5 |  5.1
Staves         | 1 2 3 5 |  5.1
Slings         | 1 2 3 5 |  5.1
Bows           | 1 2 3 5 |  5.1
Crossbows      | 1 2 3 5 |  5.1
Throwing       | 1 2 3 5 |  5.1
Dodging        | 1 2 3 5 |  5.1
Stealth        | 1 2 3 5 |  5.1
Unarmed Combat | 1 2 3 5 |  5.1
Spellcasting   | 1 2 3 5 |  5.1
Evocations     | 1 2 3 5 |  5.1
Conjurations   | 1 2 3 4 |  4.2
Hexes          | 1 2 3 4 |  4.2
Summonings     | 1 2 3 4 |  4.2
Necromancy     | 1 2 3 4 |  4.2
Translocations | 1 2 3 4 |  4.2
Transmutations | 1 2 3 4 |  4.2
Fire Magic     | 1 2 3 4 |  4.2
Ice Magic      | 1 2 3 4 |  4.2
Air Magic      | 1 2 3 4 |  4.2
Earth Magic    | 1 2 3 4 |  4.2
Poison Magic   | 1 2 3 4 |  4.2
Maces & Flails | 5 6 |  6.9
Fighting       | 7 8 |  8.4
Armour         | 7 8 |  8.4
Shields        | 7 8 |  8.4

Action                   |  1- 3 |  4- 6 |  7- 9 | 10-12 || total
-------------------------+-------+-------+-------+-------++-------
Melee: Flail             |   114 |    73 |       |       ||   187
       Bite              |     8 |    15 |    38 |     6 ||    67
       Whip              |       |    77 |   411 |    40 ||   528
Throw: Throwing net      |       |       |     1 |       ||     1
Invok: Heroism           |       |       |     2 |     1 ||     3
  Use: Scroll            |     1 |     6 |     7 |     2 ||    16
       Potion            |     1 |       |     2 |     5 ||     8
 Stab: Held in net/web   |       |       |     1 |       ||     1
Armor: Ring mail         |    37 |    65 |   107 |       ||   209
       Plate armour      |       |       |    15 |    73 ||    88
Dodge: Dodged            |    52 |    55 |   165 |    34 ||   306
Block: Buckler           |    37 |    37 |    98 |    33 ||   205

Table legend: (Time is in decaauts)
 A = Elapsed time spent in this place.
 B = Non-inter-level travel time spent in this place.
 C = Inter-level travel time spent in this place.
 D = Time resting spent in this place.
 E = Time spent auto-exploring this place.
 F = Levels seen in this place.
 G = Mean time per level.
                   A        B        C        D        E       F      G
               +--------+--------+--------+--------+--------+-----+--------+
         Total |  11931 |  11673 |    258 |   1720 |   8346 |  11 | 1084.6 |
       Dungeon |  11098 |  10853 |    245 |   1563 |   7981 |   9 | 1233.1 |
        Temple |     99 |     86 |     13 |      0 |     64 |   1 |   99.0 |
         Sewer |    733 |    733 |      0 |    157 |    301 |   1 |  733.0 |
               +--------+--------+--------+--------+--------+-----+--------+

Top non-repeatable levels by time:
     D:8: 2286 daAuts
     D:5: 1672 daAuts
     D:3: 1347 daAuts
     D:6: 1115 daAuts
     D:7: 1010 daAuts
     D:1: 997 daAuts
     D:2: 928 daAuts
     D:9: 925 daAuts
     D:4: 814 daAuts
   Sewer: 733 daAuts
  Temple: 99 daAuts
